 Dungeon Crawl Stone Soup version 0.30.1-3-gfc49f6343a (webtiles) character file.

Game seed: 15442122957071711965

379 jtron the Magician (level 6, -8/42 HPs)
             Began as a Mummy Necromancer on Aug 7, 2023.
             Mangled by an ogre
             ... wielding a +0 giant spiked club
              (21 damage)
             ... on level 4 of the Dungeon.
             The game lasted 00:15:06 (3616 turns).

jtron the Magician (Mummy Necromancer)              Turns: 3616, Time: 00:15:08

Health: -8/42      AC:  4    Str: 11    XL:     6   Next: 45%
Magic:  3/14       EV: 12    Int: 16    God:
Gold:   256        SH:  0    Dex: 13    Spells: 12/16 levels left

rFire   x . .        a - +1 short sword (protect)
rCold   + . .        (no shield)
rNeg    + + +        k - +0 robe
rPois   ∞            o - +0 helmet
rElec   .            (no cloak)
rCorr   .            p - +0 pair of gloves
SInv    .            (no boots)
Will    .....        (no amulet)
Stlth   ++           (no ring)
HPRegen 0.27/turn    (no ring)
MPRegen 0.14/turn

%: faith
@: no status effects
A: cold resistance 1, negative energy resistance 3, torment resistance 2, heat
vulnerability 1, in touch with death 1, no potions, faith
a: no special abilities


You were on level 4 of the Dungeon.
You visited 1 branch of the dungeon, and saw 5 of its levels.

You collected 256 gold pieces.

Inventory:

Hand Weapons
 a - a +1 short sword of protection (weapon)
 f - a +0 sling
 g - a +0 short sword
 n - a +0 trident
 q - a +0 dagger of venom
Missiles
 h - 46 stones (quivered)
Armour
 k - a +0 robe (worn)
 o - a +0 helmet (worn)
 p - a +0 pair of gloves (worn)
Jewellery
 l - a ring of resist corrosion
Scrolls
 b - 2 scrolls of fear
 c - a scroll of vulnerability
 d - 2 scrolls of identify
 e - 3 scrolls of amnesia
 i - 3 scrolls of teleportation
 j - a scroll of fog
 m - 2 scrolls of poison


   Skills:
 + Level 0.8 Fighting
 + Level 2.1 Dodging
 + Level 1.9 Stealth
 + Level 5.9 Spellcasting
 * Level 0.9 Conjurations
 + Level 5.7 Necromancy


You had 12 spell levels left.
You knew the following spells:

 Your Spells              Type           Power      Damage    Failure   Level
a - Necrotise             Necr           100%       1d9       1%          1
b - Vampiric Draining     Necr           34%        2d8       4%          3

Your spell library contained the following spells:

 Spells                   Type           Power      Damage    Failure   Level
 Kiss of Death            Conj/Necr      92%        2d12      3%          1
 Magic Dart               Conj           28%        1d4       10%         1
 Animate Dead             Necr           34%        N/A       13%         4
 Dispel Undead            Necr           34%        3d15      13%         4
 Call Imp                 Summ           8%         N/A       22%         2
 Passwall                 Tmut/Erth      3%         N/A       22%         2
 Mephitic Cloud           Conj/Pois/Air  5%         N/A       36%         3
 Agony                    Necr           34%        N/A       36%         5
 Confusing Touch          Hex            4%         N/A       38%         3
 Leda's Liquefaction      Hex/Erth       2%         N/A       80%         4
 Petrify                  Tmut/Erth      4%         N/A       80%         4
 Shatter                  Erth           2%         3d6*      100%        9


Dungeon Overview and Level Annotations

Branches:
Dungeon (5/15)
 Temple: D:4-7

Altars:

Annotations:
D:2 1 runed translucent door, Crazy Yiuf


Innate Abilities, Weirdness & Mutations

You are immune to poison.
Your flesh is cold resistant. (rC+)
You are immune to negative energy. (rN+++)
You are immune to unholy pain and torment.
You are vulnerable to heat. (rF-)
You are in touch with the powers of death.
You do not drink.
You have a special connection with the divine. (Faith)


Message History

There is a stone staircase leading down here.
You climb downwards.
Your mindless puppet stays behind to rot.
Found a helmet.
There is a stone staircase leading up here.
Okay, then.
Casting: Necrotise (safe; 1% risk of failure)
Confirm with . or Enter, or press ? or * to list all spells.
Aiming: Necrotise (safe; 1% risk of failure)
Press: ? - help, Shift-Dir - straight line, f - ogre
Aim: an ogre, wielding a +0 giant spiked club (wandering, hasn't noticed you, chance to affect: 83%)
You feel a surge of power!
The ogre shouts!
The ogre writhes in agony.
You hear an angry growl.
You hit the ogre.
Your weapon exudes an aura of protection.
The ogre is moderately wounded.
The ogre hits you with a +0 giant spiked club!!
Ouch! That really hurt!
Casting: Necrotise (safe; 1% risk of failure)
Confirm with . or Enter, or press ? or * to list all spells.
Aiming: Necrotise (safe; 1% risk of failure)
Press: ? - help, Shift-Dir - straight line, f/p - ogre
Aim: an ogre, wielding a +0 giant spiked club (moderately wounded, chance to affect: 83%)
You feel a surge of power!
The ogre writhes in agony!
The ogre hits you with a +0 giant spiked club!
* * * LOW HITPOINT WARNING * * *
You climb upwards.
There is a stone staircase leading down here.
Casting: Necrotise (safe; 1% risk of failure)
Confirm with . or Enter, or press ? or * to list all spells.
Aiming: Vampiric Draining (dangerous; 4% risk of failure)
Press: ? - help, Shift-Dir - straight line, f - ogre
Aim: an ogre, wielding a +0 giant spiked club (heavily wounded)
You feel a surge of power!
You draw life force from the ogre!
You feel life coursing into your body.
The ogre hits you with a +0 giant spiked club!!
Ouch! That really hurt!
You die...

.'.............<#....#
.#..............#....#
.#..............#....#
.#.........!....##...#
.##....##.......######
>###+####........#...#
.##..............#...#
..#..............#...#
..#............O@#...#
..#..............#...#
..#....##.......##...#
..'...[#######'###...#
..#.....#.......#....#
..#.....'.......#....#
..#.....#.......#....#
..#....##.......##...#
.#####+##.......##...#


You could see an ogre.

Vanquished Creatures
  An ogre (D:4)
  A hound (D:4)
  A jelly (D:3)
  An orc priest (D:4)
  An orc wizard (D:4)
  A gnoll (D:5)
  4 adders
  2 river rats (D:3)
  A worm (D:2)
  A dart slug (D:3)
  8 orcs
  7 ball pythons
  2 bats
  3 endoplasms
  3 giant cockroaches
  5 goblins
  9 hobgoblins
  3 jackals (D:4)
  4 quokkas
  3 frilled lizards
  7 kobolds
  7 rats
75 creatures vanquished.

Vanquished Creatures (collateral kills)
  2 adders
  3 worms
  An orc (D:3)
  An endoplasm (D:3)
  A jackal (D:4)
  A rat (D:3)
9 creatures vanquished.

Grand Total: 84 creatures vanquished

Notes
Turn   | Place    | Note
-------+----------+-------------------------------------------
     0 | D:1      | jtron the Mummy Necromancer began the quest for the Orb.
     0 | D:1      | Reached XP level 1. HP: 13/13 MP: 4/4
   407 | D:1      | Reached XP level 2. HP: 19/19 MP: 3/6
   674 | D:1      | Got the Parchment of Geomancy
   899 | D:2      | Gained mutation: You are in touch with the powers of death.
                  | [Mummy growth]
   899 | D:2      | Reached XP level 3. HP: 20/24 MP: 1/8
  1141 | D:2      | Found a runed translucent door.
  1142 | D:2      | Noticed Crazy Yiuf
  1175 | D:2      | Learned a level 3 spell: Vampiric Draining
  1642 | D:3      | Found a glowing drain.
  1790 | D:3      | Reached XP level 4. HP: 30/30 MP: 7/10
  2203 | D:3      | Found a faded altar of an unknown god.
  2273 | D:3      | Reached skill level 5 in Necromancy
  2273 | D:3      | Reached XP level 5. HP: 36/36 MP: 8/12
  2828 | D:4      | Reached skill level 5 in Spellcasting
  3044 | D:4      | Noticed an ogre
  3468 | D:5      | Entered Level 5 of the Dungeon
  3469 | D:5      | Noticed an ogre
  3470 | D:5      | Noticed a black bear
  3494 | D:4      | Killed an ogre
  3495 | D:4      | Reached XP level 6. HP: 37/42 MP: 7/14
  3616 | D:4      | Mangled by an ogre

Illustrated notes

Levels and vault maps discovered:
D:1:      ldierk_walled_garden, layout_loops_ring, serial_glass,
          glass_columns_a, glass_columns_c, hangedman_feature_mirror
D:2:      layout_rooms, uniq_crazy_yiuf_cottage
D:3:      layout_rooms, portal_sewer_entry_a, basic_ecumenical_altar,
          minivault_4, minmay_goblin_kobold_house
D:4:      layout_gridville
D:5:      layout_basic, overflow_temple_1_default, serial_glass,
          glass_columns_a, glass_columns_a

Skill      XL: |  1  2  3  4  5 |
---------------+----------------+-----
Spellcasting   | 3 4 5 |  5.9
Dodging        | 2 |  2.1
Necromancy     | 5 |  5.7
Fighting       | |  0.8
Stealth        | |  1.9
Conjurations   | |  0.9

Action                     |  1- 3 |  4- 6 || total
---------------------------+-------+-------++-------
  Melee: Unarmed           |     5 |       ||     5
         Short sword       |     9 |     7 ||    16
         Trident           |       |     2 ||     2
  Throw: Stone             |       |     1 ||     1
   Cast: Necrotise         |    58 |    86 ||   144
         Vampiric Draining |       |     4 ||     4
    Use: Scroll            |     1 |     6 ||     7
   Stab: Sleeping          |       |     1 ||     1
 Armour: Robe              |    13 |     3 ||    16
  Dodge: Dodged            |    40 |    20 ||    60
